 Dungeon Crawl Stone Soup version 0.29-a0-323-g050149af67 (webtiles) character file.

Game seed: 7147008063258612677

18519 bande the Cleaver (level 12, -11/75 HPs)
             Began as a Gargoyle Fighter on Apr 11, 2022.
             Was a High Priest of Okawaru.
             Killed from afar by Urug (34 damage)
             ... with a bolt of acid
             ... on level 2 of the Lair of Beasts.
             The game lasted 00:31:52 (19471 turns).

bande the Cleaver (Gargoyle Fighter)               Turns: 19471, Time: 00:31:52

Health: -11/75     AC: 23    Str: 20    XL:     12   Next: 59%
Magic:  16/16      EV: 10    Int: 10    God:    Okawaru [*****.]
Gold:   722        SH:  8    Dex: 21    Spells: 11/11 levels left

rFire   . . .      SeeInvis .   h - +8 war axe "Inor" {freeze, +Blink Dex+4}
rCold   . . .      Faith    .   c - +1 buckler
rNeg    + . .      Spirit   .   y - +0 plate armour
rPois   ∞          Reflect  .   l - +0 helmet of Xyikh {rElec Dex+4}
rElec   +          Harm     .   (no cloak)
rCorr   .          Rampage  .   q - +0 pair of gloves
Will    .....                   r - +0 pair of boots
Stlth   ..........              (no amulet)
HPRegen 0.22/turn               o - +4 ring of evasion
MPRegen 0.15/turn               C - +4 ring of slaying

@: corroded
A: sickness immunity, AC +8, negative energy resistance 1, electricity
resistance, torment resistance 1, petrification resistance
a: Renounce Religion, Evoke Blink, Heroism, Finesse, Duel


You were on level 2 of the Lair of Beasts.
You worshipped Okawaru.
Okawaru was extremely pleased with you.
You visited 3 branches of the dungeon, and saw 14 of its levels.

You collected 792 gold pieces.
You spent 70 gold pieces at shops.

Inventory:

Hand Weapons
 a - a +1 spectral war axe
 h - the +8 war axe "Inor" (weapon) {freeze, +Blink Dex+4}
   (You acquired it on level 4 of the Dungeon)

   It freezes those it strikes, dealing additional cold damage.
   It can also slow down cold-blooded creatures.
   Dex:       It affects your dexterity (+4).
   +Blink:    It lets you blink.
 A - a +4 scimitar of flaming
Missiles
 F - 2 throwing nets (quivered)
Armour
 c - a +1 buckler (worn)
 l - the +0 helmet of Xyikh (worn) {rElec Dex+4}
   (You found it on level 2 of the Dungeon)

   Dex:       It affects your dexterity (+4).
   rElec:     It insulates you from electricity.
 q - a +0 pair of gloves (worn)
 r - a +0 pair of boots (worn)
 y - a +0 plate armour (worn)
Jewellery
 f - a ring of positive energy
 i - a ring of positive energy
 m - a ring of fire
 o - a +4 ring of evasion (left hand)
 p - a ring of willpower
 B - a ring of protection from cold
 C - a +4 ring of slaying (right hand)
 J - a ring of see invisible
Wands
 s - a wand of flame (28)
 u - a wand of digging (14)
 v - a wand of paralysis (12)
Scrolls
 b - a scroll of enchant weapon
 k - 2 scrolls of enchant armour
 t - 4 scrolls of magic mapping
 w - 3 scrolls of amnesia
 H - 4 scrolls of teleportation
 I - 2 scrolls of identify
Potions
 d - 4 potions of might
 e - 4 potions of heal wounds
 g - 3 potions of berserk rage
 j - 4 potions of curing
 n - 3 potions of brilliance
 x - a potion of ambrosia
 z - a potion of magic
 D - 2 potions of resistance
 E - a potion of mutation
 K - a potion of flight
Miscellaneous
 G - a phial of floods


   Skills:
 + Level 8.6 Fighting
 + Level 1.0 Long Blades
 + Level 11.6 Axes
 + Level 9.6 Armour
 + Level 8.0 Shields
 * Level 6.4 Invocations
 * Level 7.3 Evocations


You had 11 spell levels left.
You didn't know any spells.
Your spell library contained the following spells:

 Spells                   Type           Power      Damage    Failure   Level
 Freeze                   Ice            0%         1d3       100%        1
 Shock                    Conj/Air       0%         1d3       100%        1
 Confusing Touch          Hex            0%         N/A       100%        3
 Frozen Ramparts          Ice            0%         1d2       100%        3
 Ignite Poison            Fire/Tmut/Pois 0%         N/A       100%        3
 Ozocubu's Armour         Ice            0%         N/A       100%        3
 Portal Projectile        Hex/Tloc       0%         N/A       100%        3
 Flame Wave               Conj/Fire      0%         2d4       100%        4
 Hailstorm                Conj/Ice       0%         3d3       100%        4
 Blade Hands              Tmut           0%         N/A       100%        5
 Excruciating Wounds      Necr           0%         N/A       100%        5
 Lightning Bolt           Conj/Air       0%         1d11      100%        5
 Yara's Violent Unravell  Hex/Tmut       0%         3d3       100%        5
 Starburst                Conj/Fire      0%         6d3       100%        6
 Enfeeble                 Hex            0%         N/A       100%        7
 Ozocubu's Refrigeration  Ice            0%         4d5       100%        7
 Summon Small Mammal      Summ           Unusable   N/A       N/A         1
 Call Canine Familiar     Summ           Unusable   N/A       N/A         3
 Summon Guardian Golem    Hex/Summ       Unusable   N/A       N/A         3

Dungeon Overview and Level Annotations

Branches:
Dungeon (11/15)            Temple (1/1) D:4            Lair (2/6) D:11
 Spider (0/4) Lair:2
  Swamp: Lair:2-4    Shoals: Lair:2-4       Orc: D:9-12

Altars:
Ashenzari
Cheibriados
Dithmenos
Elyvilon
Fedhas
Gozag
Hepliaklqana
Kikubaaqudgha
Makhleb
Nemelex Xobeh
Okawaru
Qazlal
Ru
Sif Muna
Trog
Uskayaw
Vehumet
Wu Jian
Xom
Yredelemnul
Zin
The Shining One

Shops:
D:4 ?   D:6 !   D:9 *   D:10 *[

Annotations:
D:4 exclusion: oklob sapling
Lair:2 Urug


Innate Abilities, Weirdness & Mutations

You are immune to sickness and miasma.
Your stone body is resilient. (AC +8)
You are immune to poison.
You resist negative energy. (rN+)
You are resistant to electric shocks. (rElec)
You are resistant to unholy torment.
You are immune to petrification.


Message History

The cane toad stings you but does no damage.
You slash the cane toad! You freeze the cane toad.
The cane toad is severely wounded.
The cane toad stings you.
You slash the cane toad!
The cane toad seems to slow down.
You freeze the cane toad.
You kill the cane toad!
Okawaru accepts your kill.
Your Shields skill increases to level 8!
No target in view!
No target in view!
No target in view!
No target in view!
You now have 700 gold pieces (gained 11).
You now have 722 gold pieces (gained 22).
Urug the Orcish Ballista comes into view.
She is wielding a +6 eveningstar and carrying a wand of acid (5).
Found a wand of paralysis (3).
Urug shouts!
Found a chain mail.
Urug throws a javelin.
The javelin barely misses you. Urug hits you with a +6 eveningstar.
You slash Urug! You freeze Urug.
Urug is moderately wounded.
You block Urug's attack.
You closely miss Urug.
Urug is moderately wounded.
Urug hits you but does no damage.
You hit Urug. You freeze Urug.
Urug is moderately wounded.
Urug hits you with a +6 eveningstar!
You slash Urug! You freeze Urug.
Urug is heavily wounded.
Urug hits you with a +6 eveningstar!
You slash Urug! You freeze Urug.
Urug is almost dead.
Urug zaps a wand.
The bolt of acid hits you!! The acid corrodes you!
You barely miss Urug.
Urug is almost dead.
Urug zaps a wand.
The bolt of acid hits you!!
You die...

##......P##
#........#
##.......#
#.......##
##.......##
#.........##
###.........#
###.#.#.........#
#../.o@......####
...............#
...............P#
............../.!#
..........#.....##
..............#.#
..[..........#.##
.##..###.#...#


You could see Urug.

Vanquished Creatures
  2 boulder beetles
  Erica (D:8)
  A hydra (D:8)
  A two-headed ogre (D:10)
  2 wolf spiders
  A manticore (D:10)
  Joseph (D:8)
  2 cane toads (Lair:2)
  An unseen horror (D:10)
  A komodo dragon (Lair:1)
  An efreet (D:9)
  5 trolls
  2 polar bears (Lair:1)
  A meliai (Lair:1)
  A hornet (D:8)
  Sigmund (D:3)
  A wraith (D:11)
  12 yaks
  3 shadows
  7 wyverns
  A basilisk (Lair:1)
  Grum (D:9)
  4 steam dragons
  4 vampire mosquitoes (D:10)
  5 water moccasins
  Edmund (D:4)
  5 ice beasts
  4 sky beasts
  2 orc warriors
  2 black bears
  3 ogres
  12 wolves
  2 centaurs
  4 kobold brigands
  A phantom (D:4)
  4 bullfrogs
  A gnoll sergeant (D:10)
  3 necrophages
  2 scorpions
  5 wights (D:8)
  11 killer bees
  3 howler monkeys (D:10)
  A jelly (D:5)
  4 hounds
  5 orc priests
  Ijyb (D:5)
  3 iguanas
  7 orc wizards
  12 adders
  8 gnolls
  2 white imps
  3 worms
  5 dart slugs
  36 orcs
  6 ball pythons
  8 bats
  10 endoplasms
  10 giant cockroaches
  7 goblins
  10 hobgoblins
  11 jackals
  31 kobolds
  5 quokkas
  A frilled lizard (D:2)
  7 rats
320 creatures vanquished.

Vanquished Creatures (others)
  A sky beast (D:8)
  A bush (D:11)
  9 fungi
  45 plants
56 creatures vanquished.

Grand Total: 376 creatures vanquished

Notes
Turn   | Place    | Note
-------+----------+-------------------------------------------
     0 | D:1      | bande the Gargoyle Fighter began the quest for the Orb.
     0 | D:1      | Reached XP level 1. HP: 14/14 MP: 1/1
   161 | D:1      | Reached XP level 2. HP: 19/19 MP: 2/2
   348 | D:1      | Reached skill level 2 in Axes
   462 | D:1      | Reached XP level 3. HP: 21/24 MP: 3/3
  1015 | D:1      | Found a faded altar of an unknown god.
  1355 | D:2      | Reached XP level 4. HP: 20/29 MP: 4/4
  1946 | D:1      | Reached skill level 3 in Axes
  2399 | D:2      | Reached XP level 5. HP: 12/33 MP: 5/5
  2727 | D:2      | Identified the +0 helmet of Xyikh {rElec Dex+4}
  3349 | D:3      | Found a shadowy altar of Dithmenos.
  3385 | D:3      | Noticed Sigmund
  3392 | D:3      | Killed Sigmund
  3393 | D:3      | Reached skill level 4 in Axes
  3393 | D:3      | Reached XP level 6. HP: 39/39 MP: 6/6
  3670 | D:3      | Got the Incunabulum of Torrid Confrontation
  4048 | D:3      | You fall into a shaft and drop 3 floors!
  4054 | D:6      | Reached XP level 7. HP: 44/44 MP: 7/7
  4115 | D:5      | Entered Level 5 of the Dungeon
  4115 | D:5      | Found a broken altar of Ashenzari.
  4137 | D:4      | Found Eriafoh's Magic Scroll Emporium.
  4411 | D:4      | Found a staircase to the Ecumenical Temple.
  4531 | D:4      | Reached skill level 5 in Axes
  4564 | D:4      | Found a hazy altar of Hepliaklqana.
  4643 | D:4      | Identified a scroll of acquirement
  4643 | D:4      | Acquired the +8 war axe "Inor" {freeze, +Blink Dex+4}
  4671 | D:4      | Noticed Edmund
  4685 | D:4      | Killed Edmund
  4686 | D:4      | Reached skill level 5 in Fighting
  4686 | D:4      | Reached skill level 1 in Evocations
  5285 | D:4      | Found a white marble altar of Elyvilon.
  5411 | Temple   | Entered the Ecumenical Temple
  5712 | D:5      | Reached skill level 5 in Armour
  5772 | D:5      | Noticed Ijyb
  5779 | D:5      | Killed Ijyb
  5780 | D:5      | Reached XP level 8. HP: 49/49 MP: 8/8
  6124 | D:5      | Reached skill level 6 in Axes
  6158 | D:5      | Reached skill level 5 in Shields
  6620 | D:6      | Found Beyf's Distillery.
  6625 | D:6      | Bought a potion of heal wounds for 70 gold pieces
  6689 | D:6      | Found a glowing silver altar of Zin.
  7006 | D:6      | Reached skill level 7 in Axes
  7006 | D:6      | Reached XP level 9. HP: 43/55 MP: 9/9
  8661 | D:7      | Reached skill level 8 in Axes
  9824 | D:8      | Reached XP level 10. HP: 61/61 MP: 10/10
  9931 | D:8      | Found an iron altar of Okawaru.
  9939 | D:8      | Became a worshipper of Warmaster Okawaru
  9944 | D:8      | Reached skill level 9 in Axes
  9947 | D:8      | Reached skill level 1 in Invocations
 10374 | D:8      | Reached skill level 5 in Evocations
 10577 | D:8      | Reached * piety under Okawaru
 11199 | D:8      | Noticed Joseph
 11208 | D:8      | Killed Joseph
 11208 | D:8      | Reached ** piety under Okawaru
 11470 | D:8      | Noticed Erica
 11476 | D:8      | Killed Erica
 11552 | D:9      | Noticed a six-headed hydra
 11843 | D:8      | Killed a two-headed hydra
 11844 | D:8      | Reached XP level 11. HP: 33/67 MP: 13/13
 12225 | D:8      | Reached skill level 10 in Axes
 12227 | D:8      | Reached *** piety under Okawaru
 12361 | D:9      | Found Sanuq's General Store.
 12757 | D:9      | Found a blossoming altar of Fedhas.
 12850 | D:9      | Found an opulent altar of Gozag.
 12890 | D:9      | Found a sacrificial altar of Ru.
 12909 | D:9      | Noticed Grum
 12920 | D:9      | Reached skill level 1 in Long Blades
 12921 | D:9      | Killed Grum
 13557 | D:10     | Entered Level 10 of the Dungeon
 13673 | D:10     | Noticed a two-headed ogre
 13721 | D:10     | Killed a two-headed ogre
 13721 | D:10     | Reached **** piety under Okawaru
 13827 | D:10     | Found Bahram Gur's Dragon-Slaying Spoils.
 13895 | D:10     | Found an ornate altar of the Wu Jian Council.
 14617 | D:10     | Received a gift from Okawaru
 14877 | D:10     | Found Cauceddale's General Store.
 15174 | D:11     | Identified the +10 rapier "Eghirch" {vorpal, *Noise +Blink
                  | rN+ Dex+4}
 15247 | D:11     | Noticed a manticore
 15251 | D:11     | Noticed a boulder beetle
 15368 | D:10     | Killed a manticore
 15771 | D:10     | Reached skill level 5 in Invocations
 16327 | D:11     | Reached ***** piety under Okawaru
 16349 | D:10     | Killed a boulder beetle
 16349 | D:10     | Received a gift from Okawaru
 16727 | D:11     | Reached XP level 12. HP: 73/73 MP: 16/16
 16738 | D:11     | Reached skill level 11 in Axes
 16827 | D:11     | Found a staircase to the Lair.
 17317 | Lair:1   | Entered Level 1 of the Lair of Beasts
 19154 | Lair:2   | Found a hole to the Spider Nest.
 19222 | Lair:2   | Noticed a boulder beetle
 19253 | Lair:2   | Killed a boulder beetle
 19462 | Lair:2   | Noticed Urug
 19471 | Lair:2   | Killed from afar by Urug

Illustrated notes

Levels and vault maps discovered:
D:1:      lightli_arrival_statuegarden, layout_loops_ring,
          dreamdust_ecumenical_altar_angels_and_demons, nrook_mini_backslash,
          kennysheep_nondescript, minmay_misc_feat_roman,
          minmay_misc_feat_nine_boxes
D:2:      minmay_general_purpose_star, layout_basic
D:3:      layout_loops_ring, nicolae_dithmenos_through_a_glass_darkly,
          serial_park_tiny_2, uniq_sigmund
D:4:      layout_basic, nzn_hepliaklqana_mist_gate,
          nicolae_elyvilon_temple_path, minmay_temple_entry_oklob, serial_shops,
          shop_fountains, uniq_edmund
D:5:      layout_basic, mainiacjoe_overflow_catwalk, kennysheep_generic_room_4,
          uniq_ijyb
D:6:      layout_loops_cross, amcnicky_altar_gilded, serial_shops,
          kennysheep_little_box, patterned_corridor
D:7:      layout_basic, minmay_diced_spiral
D:8:      layout_basic, okawaru_metal_pillars_3,
          amcnicky_mini_rare_corridor_liquid, nicolae_sextant, uniq_joseph,
          uniq_erica
D:9:      layout_basic, general_overflow_altar, mainiacjoe_overflow_alcove_1,
          fedhas_bush_and_centaur_altar, serial_shops, shop_fountains, uniq_grum
D:10:     layout_loops_corners, mainiacjoe_overflow_small_starburst,
          serial_shops, nicolae_shop_behind_doors, nicolae_shop_dragon_depot
D:11:     layout_loops_ring, minmay_lair_entry_grove
Temple:   nicolae_temple_hex_pool
Lair:1:   layout_loops_ring, nicolae_lair_run_with_the_wolves
Lair:2:   layout_hall_layers, palyth_hydra_swamp_entry,
          hellmonk_spider_entry_not_the_bees, serial_bayou_pond_c, uniq_urug

Skill      XL: |  1  2  3  4  5  6  7  8  9 10 11 12 |
---------------+-------------------------------------+-----
Axes           | 2 3 4 5 7 8 9 10 11 | 11.6
Fighting       | 4 5 6 7 8 |  8.6
Armour         | 4 5 6 7 9 |  9.6
Shields        | 4 5 6 7 8 |  8.0
Evocations     | 1 3 4 5 6 7 |  7.3
Invocations    | 3 5 6 |  6.4
Long Blades    | 1 |  1.0

Action                   |  1- 3 |  4- 6 |  7- 9 | 10-12 || total
-------------------------+-------+-------+-------+-------++-------
Melee: War axe           |   108 |   138 |   235 |   385 ||   866
       Scimitar          |       |       |       |     4 ||     4
Evoke: Wand              |       |       |       |     1 ||     1
  Use: Scroll            |     4 |     5 |     8 |     7 ||    24
       Potion            |       |     1 |       |     1 ||     2
Armor: Scale mail        |    75 |    61 |       |       ||   136
       Chain mail        |       |     8 |    72 |       ||    80
       Plate armour      |       |       |    30 |   288 ||   318
Dodge: Dodged            |    58 |    77 |    87 |   223 ||   445
Block: Buckler           |    27 |    49 |    70 |   193 ||   339

Table legend: (Time is in decaauts)
 A = Elapsed time spent in this place.
 B = Non-inter-level travel time spent in this place.
 C = Inter-level travel time spent in this place.
 D = Time resting spent in this place.
 E = Time spent auto-exploring this place.
 F = Levels seen in this place.
 G = Mean time per level.
                   A        B        C        D        E       F      G
               +--------+--------+--------+--------+--------+-----+--------+
         Total |  19652 |  19262 |    390 |   7091 |   9198 |  14 | 1403.7 |
       Dungeon |  17576 |  17200 |    376 |   6540 |   8078 |  11 | 1597.8 |
        Temple |    175 |    161 |     14 |      0 |    140 |   1 |  175.0 |
          Lair |   1900 |   1900 |      0 |    551 |    979 |   2 |  950.0 |
               +--------+--------+--------+--------+--------+-----+--------+

Top non-repeatable levels by time:
    D:10: 2768 daAuts
     D:8: 2759 daAuts
     D:2: 1771 daAuts
     D:1: 1651 daAuts
     D:6: 1574 daAuts
  Lair:1: 1387 daAuts
     D:5: 1387 daAuts
     D:4: 1273 daAuts
    D:11: 1256 daAuts
     D:7: 1240 daAuts
     D:9: 1036 daAuts
     D:3: 857 daAuts
  Lair:2: 513 daAuts
  Temple: 175 daAuts
